Map: Glittering Ashes LE

Players

ByuN

  • Race: Terran Terran

MaxPax - Winner!

  • Race: Protoss Protoss

VOD

Have the link to the VOD?

Description

Time

  • Played on: Oct. 22, 2021, 8:22 a.m.
  • Length: 14:35
Show
View Real Time Build Order
Export as new Build Order

ByuN Terran 

Build Orders:  

Get SALT Encoding   

  12  0:00  SCV  
  13  0:12  SCV  
  14  0:17  Supply Depot  
  14  0:24  SCV  
  15  0:38  SCV  
  15  0:39  Barracks  
  16  0:43  Refinery  
  16  0:50  SCV  
  17  1:03  SCV  
  18  1:15  SCV  
  19  1:27  Marine  
  19  1:28  Orbital Command  
  20  1:42  Command Center  
  20  1:55  Factory  
  20  1:56  SCV  
  21  2:04  Barracks Reactor  
  21  2:06  Supply Depot  
  21  2:09  SCV  
  21  2:13  Refinery  
  22  2:21  SCV  
  23  2:33  SCV  
  24  2:40  Marine x2, Widow Mine  
  24  2:44  Starport  
  28  2:45  SCV  
  29  2:54  Orbital Command  
  29  2:58  SCV  
  29  2:59  Marine  
  29  3:00  Marine  
  29  3:03  Widow Mine  
  34  3:12  SCV  
  35  3:17  Marine x2  
  37  3:21  Medivac  
  37  3:22  Orbital Command  
  37  3:24  SCV  
  40  3:29  Factory Tech Lab  
  40  3:33  Supply Depot  
  40  3:36  Marine x2, SCV  
  43  3:46  Bunker  
  43  3:48  SCV x2  
  44  3:54  Marine x2  
  44  3:55  Factory Tech Lab  
  47  4:00  Supply Depot  
  47  4:01  Raven  
  47  4:02  SCV x2  
  51  4:12  Barracks  
  51  4:14  SCV x2  
  53  4:21  Siege Tank  
  53  4:23  Supply Depot  
  56  4:25  Marine  
  56  4:27  Marine  
  56  4:30  SCV x2  
  60  4:39  Refinery  
  60  4:42  SCV, Engineering Bay  
  60  4:45  SCV  
  62  4:48  Marine x2  
  64  4:53  Siege Tank  
  64  4:55  Supply Depot  
  64  4:57  SCV x2  
  69  5:04  Barracks  
  69  5:09  SCV  
  69  5:11  Stimpack  
  70  5:16  Terran Infantry Weapons Level 1  
  70  5:17  Marine x3, SCV  
  70  5:21  Starport Reactor  
  74  5:22  SCV  
  74  5:25  Refinery  
  75  5:29  Supply Depot, SCV  
  75  5:35  Marine x2  
  78  5:44  Supply Depot  
  78  5:47  Factory Reactor  
  78  5:50  Marine, SCV x2  
  78  5:52  Marine x2  
  78  5:54  Supply Depot  
  83  6:02  Marauder, SCV  
  83  6:03  SCV  
  86  6:08  Marauder  
  87  6:18  Marine x2, Medivac x2  
  90  6:23  Marauder  
  89  6:30  Marauder  
  91  6:34  Widow Mine x2  
  91  6:36  Marine x2  
  97  6:43  Combat Shield  
  97  6:44  Marauder  
  100  6:47  SCV x2  
  100  6:48  Command Center  
  100  6:51  Concussive Shells  
  100  6:52  Supply Depot  
  101  6:55  Marine  
  102  7:06  Barracks x2  
  102  7:10  Supply Depot  
  102  7:13  SCV x2  
  107  7:17  Marine x2, Marauder x2  
  107  7:18  Supply Depot  
  110  7:28  Terran Infantry Armor Level 1  
  110  7:31  Medivac x2  
  114  7:38  Marine  
  114  7:39  Marine  
  114  7:42  Marauder x2  
  119  7:45  Widow Mine  
  119  7:46  Widow Mine  
  121  8:00  Barracks Reactor, Barracks Tech Lab  
  121  8:01  Marine x2, Medivac  
  121  8:02  Medivac  
  121  8:04  Marauder x2  
  131  8:07  SCV x2  
  133  8:19  SCV x2  
  135  8:22  Marauder, Sensor Tower  
  135  8:23  Marine  
  135  8:24  Marine  
  135  8:25  Marauder  
  141  8:29  Orbital Command  
  141  8:31  Marauder  
  139  8:37  Missile Turret  
  139  8:41  Marine x2  
  127  8:43  Marauder  
  127  8:46  Marauder  
  127  8:47  Widow Mine  
  127  8:48  Widow Mine  
  129  8:50  Medivac x2  
  129  8:53  Marauder  
  135  9:01  Marine  
  130  9:04  Marine x3  
  130  9:05  Marauder  
  130  9:07  SCV x3  
  130  9:08  Marauder  
  130  9:09  Widow Mine x2  
  140  9:14  Marauder  
  142  9:21  Engineering Bay, Refinery x2, Armory  
  142  9:23  Medivac  
  144  9:26  Marauder, Medivac  
  144  9:28  Marine  
  149  9:33  Marine x2, Missile Turret  
  149  9:34  Marauder, Missile Turret, SCV x2  
  149  9:35  Marauder  
  157  9:49  Ghost Academy  
  157  10:11  Marine x2  
  157  10:14  Marauder  
  157  10:15  Marine x2  
  157  10:16  Marauder  
  157  10:17  SCV  
  157  10:18  Marauder  
  136  10:29  Marine x2  
  136  10:33  Marine x2, Medivac x2  
  133  10:35  Marauder  
  133  10:38  Marauder  
  133  10:40  Marauder  
  133  10:42  SCV x2  
  124  10:47  Marine x2  
  113  10:51  Marine x2  
  113  10:52  Widow Mine  
  113  10:53  Widow Mine  
  113  10:54  Terran Infantry Weapons Level 2  
  113  10:57  Marauder  
  113  10:59  Marauder  
  113  11:01  Marauder  
  117  11:05  Marine x2  
  117  11:09  Marine  
  113  11:18  Marauder  
  109  11:20  Marauder  
  109  11:22  Marine  
  109  11:23  Marine  
  110  11:28  Marine x2  
  110  11:29  Marine  
  111  11:39  Marauder  
  113  11:40  Viking x2  
  113  11:42  Marauder, Widow Mine x2  
  113  11:43  SCV x2  
  125  11:50  Marauder, Orbital Command  
  127  11:56  Ghost Academy  
  128  12:01  SCV  
  128  12:08  SCV  
  129  12:10  Viking x2  
  129  12:13  SCV  
  132  12:21  Marine x3  
  132  12:22  Marine  
  136  12:29  Ghost x2  
  139  12:37  SCV x3  
  139  12:38  Ghost  
  139  12:39  Enhanced Shockwaves  
  139  12:40  Viking x2  
  139  12:43  Missile Turret  
  148  12:47  Marine x3  
  148  12:48  Marine  
  151  13:04  Ghost x2  
  155  13:10  Viking  
  155  13:11  Refinery x2  
  157  13:13  Supply Depot  
  157  13:15  Supply Depot  
  157  13:35  Viking, SCV x3  
  157  13:38  Marine x4, Marauder x3  
  171  13:44  Viking  
  150  14:06  Marauder x2  
  150  14:07  Marine x2  
  150  14:09  Marine  
Show
View Real Time Build Order
Export as new Build Order

MaxPax Protoss - Winner!

Build Orders: 1 Gate Expand, Blink Stalkers, Colossus Rush 

Get SALT Encoding   

  12  0:00  Probe  
  13  0:12  Probe  
  14  0:16  Pylon  
  14  0:24  Probe (Chrono Boost)  
  15  0:36  Probe (Chrono Boost)  
  15  0:38  Gateway  
  16  0:44  Probe (Chrono Boost)  
  16  0:49  Assimilator  
  17  0:51  Probe  
  18  1:03  Probe  
  19  1:15  Probe  
  20  1:25  Cybernetics Core  
  20  1:34  Nexus  
  20  1:36  Probe  
  21  1:45  Pylon  
  21  1:49  Probe  
  21  1:53  Assimilator  
  21  2:01  Probe  
  22  2:02  Adept  
  22  2:03  Warp Gate  
  24  2:13  Probe (Chrono Boost)  
  26  2:24  Probe (Chrono Boost)  
  26  2:25  Twilight Council  
  26  2:29  Probe (Chrono Boost)  
  26  2:34  Stalker  
  29  2:42  Probe (Chrono Boost)  
  30  2:46  Probe (Chrono Boost)  
  31  2:53  Gateway  
  31  2:54  Blink (Chrono Boost)  
  31  2:55  Probe (Chrono Boost)  
  31  2:56  Probe (Chrono Boost)  
  33  3:00  Probe (Chrono Boost)  
  33  3:04  Probe  
  35  3:12  Probe  
  36  3:16  Probe  
  37  3:20  Robotics Facility  
  37  3:24  Probe  
  38  3:28  Probe  
  38  3:30  Shield Battery  
  39  3:36  Probe  
  39  3:40  Probe, Pylon  
  41  3:46  Pylon  
  41  3:48  Probe  
  41  3:51  Stalker x2, Assimilator  
  41  3:52  Assimilator  
  46  3:58  Probe  
  46  4:00  Probe  
  49  4:10  Observer, Pylon  
  49  4:11  Probe  
  49  4:13  Probe  
  49  4:15  Stalker x2  
  55  4:23  Probe  
  56  4:25  Probe  
  56  4:28  Pylon  
  57  4:35  Probe  
  57  4:37  Robotics Bay, Probe  
  59  4:40  Forge  
  59  4:47  Nexus  
  59  4:48  Probe  
  60  4:54  Probe  
  60  4:57  Pylon  
  60  4:58  Observer  
  61  5:02  Immortal (Chrono Boost)  
  61  5:06  Probe  
  66  5:07  Probe  
  66  5:14  Shield Battery  
  67  5:15  Sentry  
  67  5:16  Sentry  
  67  5:17  Shield Battery  
  67  5:18  Probe  
  67  5:21  Probe  
  72  5:24  Extended Thermal Lance  
  72  5:31  Probe  
  72  5:32  Colossus (Chrono Boost)  
  80  5:45  Stalker  
  80  5:46  Stalker  
  84  5:52  Shield Battery  
  84  5:56  Gateway  
  83  5:58  Gateway  
  83  6:17  Colossus (Chrono Boost)  
  80  6:22  Stalker x2  
  80  6:25  Probe  
  91  6:31  Probe, Charge (Chrono Boost)  
  92  6:33  Probe  
  92  6:35  Protoss Ground Weapons Level 1 (Chrono Boost)  
  92  6:37  Probe  
  90  6:43  Probe  
  90  6:45  Pylon  
  90  6:47  Pylon  
  91  6:51  Gateway  
  91  6:53  Zealot x4  
  99  6:54  Gateway  
  99  7:00  Photon Cannon  
  97  7:02  Pylon  
  97  7:08  Colossus (Chrono Boost)  
  97  7:11  Photon Cannon  
  103  7:22  Zealot x4  
  110  7:30  Probe x2  
  112  7:47  Stalker x5  
  119  8:04  Pylon, Photon Cannon  
  119  8:05  Pylon  
  119  8:11  Gateway  
  119  8:14  Gateway  
  119  8:17  Archon x2  
  117  8:24  Zealot x6  
  127  8:40  Probe  
  118  8:47  Warp Prism  
  118  8:48  Probe  
  103  8:52  Zealot  
  103  8:53  Zealot x4  
  113  9:00  Pylon  
  111  9:03  Nexus  
  111  9:06  Pylon  
  111  9:08  Protoss Ground Weapons Level 2 (Chrono Boost)  
  109  9:11  Gateway  
  109  9:15  Gateway  
  109  9:21  Dark Shrine  
  109  9:22  Zealot x4  
  117  9:28  Observer  
  118  9:35  Zealot x3  
  118  9:36  Zealot  
  118  9:38  Probe x3  
  129  9:43  Pylon  
  129  9:50  Probe, Pylon  
  130  10:00  Zealot x6  
  134  10:25  Zealot x2  
  134  10:26  Zealot x2  
  141  10:34  Pylon  
  141  10:39  Zealot x5, Dark Templar  
  116  10:51  Dark Templar  
  116  10:53  Stalker x3  
  116  11:05  Probe x2  
  116  11:06  Probe  
  117  11:17  Probe, Stalker  
  117  11:18  Stalker x2  
  116  11:23  Probe  
  115  11:27  Probe  
  115  11:31  Probe  
  117  11:35  Probe  
  117  11:39  Disruptor  
  121  11:53  Sentry x3  
  127  11:58  Probe x3  
  127  12:01  Pylon  
  130  12:02  Nexus  
  130  12:10  Probe  
  130  12:12  Disruptor (Chrono Boost)  
  132  12:23  Probe  
  132  12:25  Probe, Shadow Stride (Chrono Boost)  
  132  12:27  Probe  
  135  12:30  Photon Cannon  
  135  12:31  Shield Battery  
  135  12:34  Photon Cannon  
  135  12:35  Probe  
  134  12:37  Probe  
  134  12:38  Disruptor (Chrono Boost)  
  134  12:39  Pylon  
  138  12:46  Dark Templar x2  
  138  12:48  Dark Templar  
  144  12:57  Probe x2  
  144  12:59  Dark Templar x2  
  148  13:07  Disruptor (Chrono Boost)  
  148  13:11  Probe  
  152  13:15  Probe x2  
  154  13:20  Dark Templar x2  
  154  13:25  Archon  
  154  13:26  Dark Templar x2  
  162  13:30  Shield Battery  
  162  13:35  Shield Battery, Disruptor (Chrono Boost)  
  165  13:42  Pylon  
  165  13:47  Zealot x3  
  135  14:11  Zealot x9  
  135  14:12  Zealot  
Tags
 
Add a new tag
Caveats
  • Supply blocks, unpowered buildings, or Contaminate may cause inaccurate times.
  • Supply counts are checked every 10 seconds.